 Dungeon Crawl Stone Soup version 0.31.0-12-g77e489cdc1 (webtiles) character file.

Game seed: 13100678286039228527

123 Minsecho the Shield-Bearer (level 5, 0/41 HPs)
             Began as a Formicid Fighter on Feb 11, 2024.
             Slain by an orc
             ... wielding a +0 whip
              (2 damage)
             ... on level 3 of the Dungeon.
             The game lasted 00:03:47 (1802 turns).

Minsecho the Shield-Bearer (Formicid Fighter)       Turns: 1802, Time: 00:03:48

Health: 0/41       AC:  6    Str: 20    XL:     5   Next: 28%
Magic:  0/5        EV: 10    Int:  8    God:
Gold:   159        SH:  5    Dex: 15    Spells: 5/5 levels left

rFire   . . .        a - +0 flail
rCold   . . .        c - +0 buckler
rNeg    . . .        b - +0 scale mail
rPois   .            (helmet unavailable)
rElec   .            (no cloak)
rCorr   .            (no gloves)
SInv    +            (no boots)
Will    .....        e - amulet of guardian spirit Stlth
                     (no ring)
HPRegen 0.26/turn    (no ring)
MPRegen 0.09/turn

%: guardian spirit
@: mighty
A: permanent stasis, dig shafts and tunnels, antennae 3, four strong arms
a: Dig, Shaft Self


You were on level 3 of the Dungeon.
You visited 1 branch of the dungeon, and saw 3 of its levels.

You collected 159 gold pieces.

Inventory:

Hand Weapons
 a - a +0 flail (weapon)
Armour
 b - a +0 scale mail (worn)
 c - a +0 buckler (worn)
 l - a +0 plate armour
Jewellery
 e - an amulet of guardian spirit (around neck)
 g - a ring of ice
Scrolls
 h - a scroll of teleportation {unknown}
 i - 2 scrolls of immolation {unknown}
 j - a scroll of identify {unknown}
 o - a scroll of fear {unknown}
 q - a scroll of torment {unknown}
Potions
 f - a potion of enlightenment {unknown}
 k - a potion of cancellation {unknown}
 m - 2 potions of curing {unknown}
 n - a potion of mutation {unknown}
 p - a potion of heal wounds {unknown}


   Skills:
 + Level 3.5 Fighting
 * Level 2.5 Maces & Flails
 * Level 1.6 Throwing
 + Level 3.5 Armour
 + Level 1.3 Dodging
 + Level 4.5 Shields
 * Level 0.6 Spellcasting
 * Level 2.4 Hexes


You had 5 spell levels left.
You didn't know any spells.
Your spell library contained the following spells:

 Spells                   Type           Power      Damage    Failure   Level
 Lesser Beckoning         Tloc           0%         N/A       91%         2
 Momentum Strike          Conj/Tloc      0%         3d8       91%         2
 Dazzling Flash           Conj/Hex       4%         N/A       95%         3
 Mephitic Cloud           Conj/Alch/Air  0%         N/A       99%         3
 Curse of Agony           Necr           0%         N/A       100%        5
 Silence                  Hex/Air        1%         N/A       100%        5
 Blink                    Tloc           Unusable   N/A       N/A         2

Dungeon Overview and Level Annotations

Branches:
Dungeon (3/15)

Altars:


Innate Abilities, Weirdness & Mutations

You cannot be hasted, slowed, berserked, paralysed or teleported.
You can dig through walls and to a lower floor.
You have a pair of large antennae on your head. (SInv)
Your four strong arms can wield two-handed weapons with a shield.


Message History

No target in view!
No target in view!
You start resting.
Magic restored.
Okay, then.
Okay, then.
You have nothing you can fire or use right now.
Search for what [? for help]? thro You climb downwards.
The orc priest calls down the wrath of Beogh upon you.
Beogh smites you! The orc hits you with a +0 whip. You block the orc's attack.
The orc barely misses you.
There is a stone staircase leading up here.
Unknown command.
You closely miss the orc. The orc barely misses you.
You block the orc's attack.
You hit the orc but do no damage. The orc hits you with a +0 whip.
The orc barely misses you. The orc misses you.
The orc priest calls down the wrath of Beogh upon you.
Pain shoots through your body!
You are too injured to fight recklessly!
You are too injured to fight recklessly!
You barely miss the orc priest. The orc hits you with a +0 mace.
The orc priest hits you with a +0 club. The orc hits you but does no damage.
You barely miss the orc priest. The orc hits you with a +0 mace.
You block the orc priest's attack. The orc closely misses you.
The orc hits you but does no damage.
You feel very mighty all of a sudden. The orc priest hits you with a +0 club.
* * * LOW HITPOINT WARNING * * *
The orc hits you but does no damage. The orc hits you with a +0 mace.
* * * LOW HITPOINT WARNING * * *
You closely miss the orc priest. The orc priest hits you with a +0 club.
* * * LOW HITPOINT WARNING * * *
The orc hits you with a +0 whip.
* * * LOW HITPOINT WARNING * * *
The orc hits you but does no damage.
The orc priest hits you but does no damage.
The orc hits you with a +0 whip.
You die...

....##.#,
#....# #).#
##.# #..##
##...# #
##o.#.....#
#.#oo#####...
#.o@## #.#
#..### . #...
#.# #. #


You could see an orc priest and 3 orcs.

Vanquished Creatures
  2 orc wizards
  Terence (D:3)
  A dart slug (D:2)
  A ribbon worm (D:2)
  3 orcs
  4 bats
  3 endoplasms (D:2)
  4 giant cockroaches
  2 goblins (D:1)
  9 hobgoblins
  4 kobolds
  4 ball pythons
  A frilled lizard (D:1)
  2 rats
41 creatures vanquished.

Notes
Turn   | Place    | Note
-------+----------+-------------------------------------------
     0 | D:1      | Minsecho the Formicid Fighter began the quest for the Orb.
     0 | D:1      | Reached XP level 1. HP: 18/18 MP: 1/1
   417 | D:1      | Reached skill level 1 in Hexes
   417 | D:1      | Reached XP level 2. HP: 24/24 MP: 2/2
   903 | D:2      | Reached XP level 3. HP: 29/29 MP: 3/3
  1690 | D:3      | Noticed Terence
  1708 | D:3      | Killed Terence
  1709 | D:3      | Reached XP level 4. HP: 26/35 MP: 1/4
  1760 | D:3      | Reached skill level 1 in Dodging
  1768 | D:2      | Reached skill level 1 in Throwing
  1768 | D:2      | Reached XP level 5. HP: 30/41 MP: 2/5
  1802 | D:3      | HP: 2/41 [orc/+0 whip (3)]
  1802 | D:3      | Slain by an orc

Illustrated notes

Levels and vault maps discovered:
D:1:      dpeg_arrival_castle, layout_basic
D:2:      layout_basic, minmay_split_cup_small
D:3:      layout_rooms, mainiacjoe_overflow_alcove_2,
          mainiacjoe_overflow_tiny_flanked, serial_shops, shop, uniq_terence

Skill      XL: |  1  2  3  4 |
---------------+-------------+-----
Hexes          | 1 2 |  2.4
Dodging        | 1 |  1.3
Throwing       | 1 |  1.6
Fighting       | |  3.5
Maces & Flails | |  2.5
Armour         | |  3.5
Shields        | |  4.5
Spellcasting   | |  0.6

Action                     |  1- 3 |  4- 6 || total
---------------------------+-------+-------++-------
  Melee: Flail             |   108 |    26 ||   134
Ability: Dig               |     2 |       ||     2
    Use: Potion            |       |     1 ||     1
 Armour: Scale mail        |    79 |    38 ||   117
  Dodge: Dodged            |    47 |    18 ||    65
  Block: Buckler           |    33 |    10 ||    43
